 Dungeon Crawl Stone Soup version 0.20.0-8-g6b59dc7 (webtiles) character file.

240 MDvedh the Cleaver (level 6, -8/76 HPs)
             Began as a Hill Orc Fighter on June 1, 2017.
             Mangled by no0bjke's ghost (12 damage)
             ... in an ossuary.
             The game lasted 00:03:15 (2535 turns).

MDvedh the Cleaver (Hill Orc Fighter)               Turns: 2535, Time: 00:03:16

Health: -8/76      AC:  7    Str: 26    XL:     6   Next: 8%
Magic:  6/6        EV:  7    Int:  8    God:
Gold:   133        SH:  9    Dex: 10    Spells: 5/5 levels left

rFire    . . .     SeeInvis .   a - +1 war axe
rCold    . . .     Gourm    .   c - +0 shield
rNeg     . . .     Faith    .   b - +1 scale mail
rPois    .         Spirit   .   (no helmet)
rElec    .         Reflect  .   (no cloak)
rCorr    .         Harm     .   (no gloves)
MR       .....                  (no boots)
Stlth    ..........             p - amulet of rage
Regen    0.3/turn               (no ring)
MPRegen  0.1/turn               (no ring)

@: mighty, berserking, very quick
A: no striking features
a: Evoke Berserk Rage


You were in an ossuary.
You were not hungry.

You visited 1 branch of the dungeon, and saw 4 of its levels.
You also visited: Ossuary.

You collected 133 gold pieces.

Inventory:

Hand Weapons
 a - a +1 war axe (weapon)
Armour
 b - a +1 scale mail (worn)
 c - a +0 shield (worn)
Jewellery
 i - an uncursed amulet of faith {unknown}
 p - an amulet of rage (around neck)
Scrolls
 j - a scroll of magic mapping
 k - a scroll of enchant armour
Potions
 f - 2 potions of magic
 o - a potion of curing {unknown}
 q - a potion of mutation {unknown}
 s - a potion of haste {unknown}
Comestibles
 g - 2 meat rations
 h - a chunk of flesh
 l - a fruit


   Skills:
 - Level 3.6 Fighting
 + Level 8.1 Axes
 - Level 3.2 Armour
 - Level 3.2 Shields


You had 5 spell levels left.
You didn't know any spells.

Dungeon Overview and Level Annotations

Branches:
Dungeon (4/15)
 Temple: D:4-7

Altars:
Okawaru
Qazlal
Uskayaw

Annotations:
Ossuary no0bjke's ghost, amateur GrFi


Message History

No0bjke's ghost hits you!
* * * LOW HITPOINT WARNING * * *
Your shield and scale mail prevent you from hitting no0bjke's ghost.
No0bjke's ghost is moderately damaged.
No0bjke's ghost hits you!
* * * LOW HITPOINT WARNING * * *
No0bjke's ghost hits you but does no damage.
Unknown command.
Okay, then.
It was a potion of berserk rage.
A red film seems to cover your vision as you go berserk!
You feel yourself moving faster!
You feel mighty!
You slash the mummy!
The mummy is severely damaged.
You slash the mummy!
You destroy the mummy!
You slash no0bjke's ghost!
No0bjke's ghost is severely damaged.
No0bjke's ghost hits you!
You die...

# ##!#
##.. #.^.
##..#
#..# ###
##'##
#∩###...#
#..@W...+
#∩###...#
### ##+##


You could see no0bjke's ghost.

Vanquished Creatures
  A scorpion (D:3)
  Natasha (D:3)
  A worker ant (D:4)
  A mummy (Ossuary)
  2 gnolls (D:2)
  4 adders
  An ooze (D:2)
  A worm (D:2)
  4 dart slugs
  2 leopard geckos (D:1)
  3 orcs
  A ball python (D:3)
  3 giant cockroaches
  5 goblins
  4 hobgoblins
  10 jackals
  3 kobolds
  A quokka (D:3)
  2 bats (D:3)
  2 frilled lizards
  A gnoll skeleton (Ossuary)
  A kobold skeleton (Ossuary)
  8 rats
62 creatures vanquished.

Vanquished Creatures (others)
  A worm (D:2)
1 creature vanquished.

Grand Total: 63 creatures vanquished

Notes
Turn   | Place    | Note
-------+----------+-------------------------------------------
     0 | D:1      | MDvedh the Hill Orc Fighter began the quest for the Orb.
     0 | D:1      | Reached XP level 1. HP: 19/19 MP: 1/1
    13 | D:1      | Reached skill level 3 in Axes
    69 | D:1      | Reached XP level 2. HP: 26/26 MP: 2/2
   214 | D:1      | Reached skill level 4 in Axes
   529 | D:1      | Reached XP level 3. HP: 30/31 MP: 3/3
   782 | D:2      | Found a stormy altar of Qazlal.
   875 | D:2      | Reached skill level 5 in Axes
  1288 | D:2      | Reached XP level 4. HP: 39/39 MP: 4/4
  1297 | D:2      | Found an iron altar of Okawaru.
  1305 | D:2      | Reached skill level 6 in Axes
  1430 | D:2      | Found a hide-covered altar of Uskayaw.
  1875 | D:3      | Reached XP level 5. HP: 45/45 MP: 5/5
  2050 | D:3      | Noticed Natasha
  2057 | D:3      | Reached skill level 7 in Axes
  2057 | D:3      | Killed Natasha
  2482 | D:4      | Reached skill level 8 in Axes
  2482 | D:4      | Reached XP level 6. HP: 49/51 MP: 6/6
  2507 | D:4      | Found a sand-covered staircase.
  2513 | Ossuary  | Entered an ossuary
  2520 | Ossuary  | Noticed no0bjke's ghost (amateur GrFi)
  2535 | Ossuary  | Mangled by no0bjke's ghost

Skill      XL: |  1  2  3  4  5 |
---------------+----------------+-----
Axes           | 3 4 5 6 8 |  8.1
Fighting       | |  3.6
Armour         | |  3.2
Shields        | |  3.2

Action                   |  1- 3 |  4- 6 || total
-------------------------+-------+-------++-------
Melee: War axe           |   106 |   115 ||   221
  Use: Scroll            |       |     7 ||     7
       Potion            |       |     3 ||     3
  Eat: Chunk             |     1 |       ||     1
       Bread ration      |       |     1 ||     1
Armor: Scale mail        |    49 |    60 ||   109
Dodge: Dodged            |    17 |    31 ||    48
Block: Shield            |    36 |    74 ||   110
